[Event "ICCopen2016"]
[Site "Internet Chess Club"]
[Date "2016.06.03"]
[Round "9"]
[White "nikenwidiartto"]
[Black "betterone76"]
[Result "1-0"]
[ICCResult "Black resigns"]
[WhiteElo "1869"]
[BlackElo "1543"]
[Opening "French: Two knights variation"]
[ECO "C00"]
[NIC "FR.01"]
[Time "20:34:40"]
[TimeControl "180+0"]

1. e4 e6 2. Nc3 d5 3. Nf3 c5 4. exd5 exd5 5. d4 Nf6 6. Bg5 c4 7. g3 h6 8.
Bxf6 Qxf6 9. Bg2 Be6 10. O-O Be7 11. Ne5 O-O 12. Nxd5 Bxd5 13. Bxd5 Qb6 14.
Nxc4 Qb5 15. Ne3 Nc6 16. Bb3 Rad8 17. c4 Qa5 18. d5 Ne5 19. Kg2 Bc5 20. Qh5
Qc7 21. Ng4 Nxg4 22. Qxg4 f5 23. Qf3 f4 24. g4 Qd6 25. Rae1 Rde8 26. Re4
Rxe4 27. Qxe4 f3+ 28. Kg1 Kh8 29. Re1 Qb6 30. Rf1 Qb4 31. Bc2 Bxf2+ 32. Rxf2
Qe1+ 33. Qxe1 {Black resigns} 1-0

[Event "ICCopen2016"]
[Site "Internet Chess Club"]
[Date "2016.06.03"]
[Round "9"]
[White "olakenn"]
[Black "leonardoalmeida"]
[Result "0-1"]
[ICCResult "White resigns"]
[WhiteElo "1695"]
[BlackElo "1858"]
[Opening "Scandinavian (center counter) defense"]
[ECO "B01"]
[NIC "SD.01"]
[Time "20:34:49"]
[TimeControl "180+0"]

1. e4 d5 2. exd5 Qxd5 3. Nc3 Qa5 4. d4 c6 5. Bd2 Qb6 6. Nf3 Bg4 7. Bc4 e6 8.
O-O Bxf3 9. Qxf3 Qxd4 10. Bd3 Nf6 11. Rfe1 Be7 12. Nb5 Qb6 13. Be3 c5 14.
Bf4 Na6 15. b4 O-O 16. bxc5 Nxc5 17. Bc7 Qc6 18. Qxc6 bxc6 19. Nd6 Nxd3 20.
cxd3 Nd5 21. Rab1 Nxc7 22. Nf5 Bf6 23. Ne3 Nd5 24. Nc4 Rab8 25. Rbc1 Nf4 26.
g3 Nxd3 {White resigns} 0-1

[Event "ICCopen2016"]
[Site "Internet Chess Club"]
[Date "2016.06.03"]
[Round "9"]
[White "ROWLAND"]
[Black "chessdad"]
[Result "0-1"]
[ICCResult "White resigns"]
[WhiteElo "1548"]
[BlackElo "1296"]
[Opening "Sicilian, Chekhover variation"]
[ECO "B53"]
[NIC "SI.02"]
[Time "20:35:05"]
[TimeControl "180+0"]

1. e4 c5 2. Nf3 d6 3. d4 cxd4 4. Qxd4 Nc6 5. Bb5 Bd7 6. Bxc6 Bxc6 7. Nc3 Nf6
8. Bg5 e5 9. Qd3 Be7 10. O-O-O O-O 11. Bxf6 Bxf6 12. Qxd6 Qxd6 13. Rxd6 Rac8
14. Rhd1 Be7 15. R6d3 f6 16. Nd5 Bc5 17. c3 Rf7 18. R1d2 Bb5 19. Kc2 Bxd3+
20. Kxd3 Rd7 21. Kc2 Kf7 22. Nh4 Ke6 23. Nf5 g6 24. Nfe3 f5 25. f3 fxe4 26.
fxe4 Rf8 27. c4 Rf4 28. b3 Rxe4 29. g3 Bxe3 30. Nxe3 Rxe3 31. Rxd7 Kxd7 32.
Kd2 Re4 {White resigns} 0-1

[Event "ICCopen2016"]
[Site "Internet Chess Club"]
[Date "2016.06.03"]
[Round "9"]
[White "alphajet26"]
[Black "zelog"]
[Result "0-1"]
[ICCResult "White checkmated"]
[WhiteElo "1695"]
[BlackElo "2179"]
[Opening "French: Schlechter variation"]
[ECO "C01"]
[NIC "FR.01"]
[Time "20:34:33"]
[TimeControl "180+0"]

1. e4 e6 2. d4 d5 3. Bd3 dxe4 4. Bxe4 Nf6 5. Bg5 Be7 6. Bxf6 Bxf6 7. c3 O-O
8. Ne2 Nd7 9. O-O c5 10. Qc2 cxd4 11. Bxh7+ Kh8 12. cxd4 g6 13. Bxg6 fxg6
14. Qxg6 Qe7 15. Nbc3 Qg7 16. Qh5+ Qh7 17. Qg4 Nb6 18. Nf4 Rg8 19. Qe2 Bxd4
20. Ne4 Be5 21. Qe3 Nd5 22. Qh3 Nxf4 23. Qxh7+ Kxh7 24. g3 Nh3+ 25. Kg2 Ng5
26. Nxg5+ Rxg5 27. f4 Rf5 28. fxe5 Rxe5 29. Rf7+ Kg6 30. Rf8 b6 31. Rc1 Bb7+
32. Rf3 Rf8 33. Kh3 Bxf3 34. Rc7 Rh8+ 35. Rh7 Rxh7# {White checkmated} 0-1

[Event "ICCopen2016"]
[Site "Internet Chess Club"]
[Date "2016.06.03"]
[Round "9"]
[White "Rayconniff"]
[Black "Bessel"]
[Result "1-0"]
[ICCResult "Black resigns"]
[WhiteElo "1713"]
[BlackElo "2024"]
[Opening "Sicilian: Smith-Morra gambit"]
[ECO "B21"]
[NIC "SI.48"]
[Time "20:34:38"]
[TimeControl "180+0"]

1. e4 c5 2. d4 cxd4 3. c3 d3 4. Bxd3 Nc6 5. Nf3 e6 6. c4 Nf6 7. Nc3 Bb4 8.
O-O O-O 9. e5 Nxe5 10. Nxe5 Qa5 11. Ng4 Nxg4 12. Qxg4 f5 13. Qg3 Bxc3 14.
bxc3 Qxc3 15. Bf4 Qf6 16. Bd6 Re8 17. Be5 Qf7 18. c5 b6 19. Qf3 d5 20. cxd6
Bd7 21. Rfc1 Rac8 22. Rc7 Rxc7 23. dxc7 Rc8 24. Ba6 Re8 25. Rc1 Bc8 26. Bxc8
Rxc8 27. Qb7 Qd7 28. Qf3 a5 29. h4 b5 30. Rd1 Qe8 31. Qg3 g6 32. Qg5 Qf8 33.
Rd8 {Black resigns} 1-0

[Event "ICCopen2016"]
[Site "Internet Chess Club"]
[Date "2016.06.03"]
[Round "9"]
[White "BISPOMAU"]
[Black "catman"]
[Result "0-1"]
[ICCResult "White resigns"]
[WhiteElo "2103"]
[BlackElo "1800"]
[Opening "French: advance, Euwe variation"]
[ECO "C02"]
[NIC "FR.03"]
[Time "20:34:46"]
[TimeControl "180+0"]

1. e4 e6 2. d4 d5 3. e5 c5 4. c3 Nc6 5. Nf3 Bd7 6. Be2 Nh6 7. Bxh6 gxh6 8.
O-O Qb6 9. Qd2 Bg7 10. Na3 cxd4 11. cxd4 O-O 12. Nb5 Nxe5 13. Nxe5 Bxb5 14.
Bxb5 Qxb5 15. Rfc1 Rac8 16. Ng4 h5 17. Nh6+ Bxh6 18. Qxh6 Qd3 19. Qxh5 Qxd4
20. Qg5+ Qg7 21. Qd2 Qg6 22. Rc3 Rxc3 23. Qxc3 Qg7 24. Qb3 b6 25. Rc1 Kh8
26. Rc3 d4 27. Rg3 Qe5 28. h3 Rd8 29. Qf3 d3 30. Qxf7 d2 31. Rd3 d1=Q+
{White resigns}
0-1

[Event "ICCopen2016"]
[Site "Internet Chess Club"]
[Date "2016.06.03"]
[Round "9"]
[White "croder"]
[Black "psychopat2016"]
[Result "1-0"]
[ICCResult "Black checkmated"]
[WhiteElo "1728"]
[BlackElo "1320"]
[Opening "Sicilian: closed"]
[ECO "B23"]
[NIC "SI.44"]
[Time "20:34:30"]
[TimeControl "180+0"]

1. e4 c5 2. Nc3 d6 3. Nf3 e5 4. d3 Nf6 5. Be2 Be7 6. O-O O-O 7. Be3 Nc6 8.
a3 Nd4 9. Bxd4 exd4 10. Nd5 Nxd5 11. exd5 Bg4 12. c4 dxc3 13. bxc3 Bf6 14.
Rc1 Qa5 15. d4 Bxf3 16. Bxf3 cxd4 17. cxd4 Qxa3 18. Rc7 b6 19. Re1 Qa5 20.
h3 Bxd4 21. Ree7 Bf6 22. Red7 Be5 23. Bh5 g6 24. Bg4 b5 25. g3 Qb6 26. Qf3
Qd4 27. Rxf7 Bf6 28. Be6 Rxf7 29. Rxf7 Kh8 30. Rxf6 Rc8 31. Kg2 b4 32. Rf8+
Rxf8 33. Qxf8# {Black checkmated} 1-0

[Event "ICCopen2016"]
[Site "Internet Chess Club"]
[Date "2016.06.03"]
[Round "9"]
[White "nurmi"]
[Black "Anarchy"]
[Result "0-1"]
[ICCResult "White resigns"]
[WhiteElo "2304"]
[BlackElo "2802"]
[Opening "English: Carls' Bremen system"]
[ECO "A22"]
[NIC "EO.10"]
[Time "20:34:30"]
[TimeControl "180+0"]

1. c4 Nf6 2. Nc3 e5 3. g3 Nc6 4. Bg2 Bb4 5. e3 Bxc3 6. bxc3 O-O 7. Ne2 e4 8.
O-O Ne5 9. Qb3 d6 10. Nd4 c5 11. f4 Nd3 12. Nc2 b6 13. Ne1 Nxe1 14. Rxe1 Be6
15. Bb2 b5 16. Qc2 bxc4 17. Bxe4 Nxe4 18. Qxe4 d5 19. Qf3 Bf5 20. g4 Be4 21.
Qg3 Rb8 22. Bc1 f5 23. g5 Qa5 24. Kf2 Rb6 25. h4 Qa4 26. h5 Qc2 27. g6 hxg6
28. hxg6 Rff6 29. Rg1 Rxg6 30. Qxg6 Rxg6 31. Rxg6 Qd1 32. Rg1 Qf3+ 33. Ke1
Bd3 {White resigns} 0-1

[Event "ICCopen2016"]
[Site "Internet Chess Club"]
[Date "2016.06.03"]
[Round "9"]
[White "Ajolote"]
[Black "junard"]
[Result "0-1"]
[ICCResult "White checkmated"]
[WhiteElo "1479"]
[BlackElo "1743"]
[Opening "Sicilian: closed"]
[ECO "B23"]
[NIC "SI.44"]
[Time "20:34:19"]
[TimeControl "180+0"]

1. e4 c5 2. Nc3 e6 3. g3 Nc6 4. Bg2 g6 5. d3 Bg7 6. Nge2 Nge7 7. Be3 Nd4 8.
O-O O-O 9. Na4 d6 10. Nac3 Rb8 11. Nb1 Nxe2+ 12. Qxe2 Bxb2 13. c3 Bxa1 14.
Qc2 Qb6 15. Nd2 Qb2 16. Qd1 Qxc3 17. Qxa1 Qxa1 18. Rxa1 b5 19. Rb1 a5 20. f4
Ba6 21. Nb3 a4 22. Nd2 b4 23. e5 Bxd3 24. Rb2 Nd5 25. Bxd5 exd5 26. exd6 d4
27. Bf2 Rbd8 28. a3 b3 29. Nf3 Rxd6 30. Ne5 Bb5 31. Kg2 c4 32. Kf3 c3 33.
Rb1 c2 34. Rc1 d3 35. Bc5 Rfd8 36. Bxd6 Rxd6 37. Ke3 b2 38. Rxc2 dxc2 39.
Nd3 Rxd3+ 40. Ke2 c1=Q 41. f5 Qc2+ 42. Ke1 Rd1# {White checkmated} 0-1

[Event "ICCopen2016"]
[Site "Internet Chess Club"]
[Date "2016.06.03"]
[Round "9"]
[White "KIEV-1"]
[Black "Iturrizaga"]
[Result "0-1"]
[ICCResult "White resigns"]
[WhiteElo "2045"]
[BlackElo "2969"]
[Opening "Sicilian: accelerated fianchetto, modern variation"]
[ECO "B34"]
[NIC "SI.33"]
[Time "20:35:06"]
[TimeControl "180+0"]

1. e4 c5 2. Nf3 g6 3. d4 cxd4 4. Nxd4 Nc6 5. Nc3 Bg7 6. Be3 Nf6 7. f3 O-O 8.
Qd2 d5 9. Nxc6 bxc6 10. O-O-O Be6 11. Bh6 Rb8 12. Bxg7 Kxg7 13. e5 Nd7 14.
h4 h5 15. g4 Rh8 16. gxh5 Rxh5 17. f4 Qa5 18. Be2 Rf5 19. b3 Nc5 20. Bg4
Rxf4 21. Bxe6 Nxe6 22. h5 d4 23. Na4 Qxd2+ 24. Rxd2 Rh8 25. Rdh2 Rf5 26.
hxg6 Rxh2 27. Rxh2 fxg6 28. Re2 g5 29. Nb2 g4 30. Nc4 Kg6 31. b4 Kg5 32. Na5
Nf4 33. Re1 g3 34. Nxc6 Ne6 35. Nxe7 Rf2 36. Nd5 g2 {White resigns} 0-1

[Event "ICCopen2016"]
[Site "Internet Chess Club"]
[Date "2016.06.03"]
[Round "9"]
[White "Rumpel"]
[Black "Bozhenka"]
[Result "1-0"]
[ICCResult "Black resigns"]
[WhiteElo "2660"]
[BlackElo "2973"]
[Opening "Sicilian: Steinitz variation"]
[ECO "B20"]
[NIC "SI.48"]
[Time "20:34:20"]
[TimeControl "180+0"]

1. e4 c5 2. g3 d5 3. exd5 Qxd5 4. Nf3 Bg4 5. Bg2 Qe6+ 6. Kf1 Nc6 7. h3 Bh5
8. Kg1 Qd7 9. d3 f6 10. Kh2 Bf7 11. Re1 e5 12. c3 O-O-O 13. d4 exd4 14. cxd4
cxd4 15. h4 Kb8 16. Na3 Bb4 17. Nb5 a6 18. Bf4+ Ka8 19. Nc7+ Ka7 20. Qa4 Ba5
21. Nxa6 bxa6 22. Nxd4 Nxd4 23. Qxa5 Rc8 24. Rad1 Nh6 25. Rxd4 {Black
resigns} 1-0

[Event "ICCopen2016"]
[Site "Internet Chess Club"]
[Date "2016.06.03"]
[Round "9"]
[White "ARMCOMPOSER"]
[Black "gmgattass"]
[Result "1-0"]
[ICCResult "Black resigns"]
[WhiteElo "3046"]
[BlackElo "2246"]
[Opening "French: Winawer (Nimzovich) variation"]
[ECO "C15"]
[NIC "FR.08"]
[Time "20:35:11"]
[TimeControl "180+0"]

1. e4 e6 2. d4 d5 3. Nc3 Bb4 4. exd5 exd5 5. Bd3 Ne7 6. Nf3 h6 7. O-O O-O 8.
Ne2 Bf5 9. Ng3 Bxd3 10. Qxd3 Bd6 11. Re1 Nbc6 12. c3 Qd7 13. Bd2 f6 14. Re2
Rae8 15. Rae1 Nd8 16. Nh4 c6 17. Ngf5 Nxf5 18. Nxf5 Rxe2 19. Rxe2 Nf7 20. g3
Re8 21. Rxe8+ Qxe8 22. h4 Qe4 23. Qxe4 dxe4 24. h5 Bf8 25. Kf1 Nd6 26. Nxd6
Bxd6 27. g4 Kh7 28. Ke2 g6 29. Ke3 gxh5 30. gxh5 f5 31. f3 exf3 32. Kxf3 Kg7
33. c4 Bf8 34. d5 cxd5 35. cxd5 Kf6 36. Bf4 b5 37. Ke2 Bc5 38. Bxh6 Ke5 39.
Bg7+ {Black resigns} 1-0

[Event "ICCopen2016"]
[Site "Internet Chess Club"]
[Date "2016.06.03"]
[Round "9"]
[White "Chess64"]
[Black "pawnloser"]
[Result "1/2-1/2"]
[ICCResult "Game drawn because neither player has mating material"]
[WhiteElo "1754"]
[BlackElo "1593"]
[Opening "Queen's pawn game"]
[ECO "A46"]
[NIC "QP.06"]
[Time "20:34:21"]
[TimeControl "180+0"]

1. d4 Nf6 2. Nf3 d6 3. Bf4 e6 4. e3 Be7 5. c3 O-O 6. h3 Nbd7 7. Bd3 c5 8.
O-O a6 9. Nbd2 b5 10. a4 c4 11. Bc2 Bb7 12. Re1 d5 13. Ne5 Nxe5 14. dxe5 Nd7
15. Qg4 f5 16. exf6 Rxf6 17. Bg5 Ne5 18. Qh4 Ng6 19. Qh5 e5 20. Bxf6 Bxf6
21. Bxg6 hxg6 22. Qxg6 Qe8 23. Qxe8+ Rxe8 24. Nf3 Kf7 25. axb5 axb5 26. Ra7
Re7 27. Rea1 d4 28. exd4 Bxf3 29. gxf3 exd4 30. cxd4 Bxd4 31. Rxe7+ Kxe7 32.
Ra5 b4 33. Rb5 Bxb2 34. Rxb4 c3 35. Rc4 Kd6 36. Kg2 Kd5 37. Rc8 Kd4 38. Kf1
Kd3 39. Rd8+ Kc4 40. Ke2 c2 41. Rc8+ Kb3 42. Kd2 c1=Q+ 43. Rxc1 Bxc1+ 44.
Kxc1 Kc3 45. Kd1 Kd3 46. Ke1 g6 47. h4 Kd4 48. Ke2 Ke5 49. f4+ Kxf4 50. f3
Kg3 51. Ke3 Kxh4 52. Kf4 Kh5 53. Kg3 Kg5 54. Kh3 Kf4 55. Kg2 g5 56. Kf2 g4
57. fxg4 Kxg4 {Game drawn because neither player has mating material}
1/2-1/2

[Event "ICCopen2016"]
[Site "Internet Chess Club"]
[Date "2016.06.03"]
[Round "9"]
[White "soumyat"]
[Black "BrentMusburger"]
[Result "0-1"]
[ICCResult "White resigns"]
[WhiteElo "2040"]
[BlackElo "2456"]
[Opening "Sicilian: Richter-Rauzer, 6...e6"]
[ECO "B62"]
[NIC "SI.27"]
[Time "20:35:27"]
[TimeControl "180+0"]

1. e4 c5 2. Nf3 Nc6 3. d4 cxd4 4. Nxd4 Nf6 5. Nc3 d6 6. Bg5 e6 7. Be2 Be7 8.
O-O a6 9. a4 O-O 10. Be3 Bd7 11. f3 Rc8 12. Qd2 Ne5 13. b3 d5 14. f4 Bb4 15.
fxe5 Bxc3 16. Qd3 Nxe4 17. Rad1 b5 18. Bf3 bxa4 19. Bxe4 dxe4 20. Qxe4 a3
21. Qg4 a2 22. Bh6 g6 23. Bg5 Qb6 24. Bf6 a1=Q 25. Rxa1 Qxd4+ {White
resigns} 0-1

[Event "ICCopen2016"]
[Site "Internet Chess Club"]
[Date "2016.06.03"]
[Round "9"]
[White "wmanthony"]
[Black "klodshans"]
[Result "0-1"]
[ICCResult "White forfeits on time"]
[WhiteElo "1400"]
[BlackElo "1602"]
[Opening "French: Winawer, advance, poisoned pawn variation"]
[ECO "C18"]
[NIC "FR.11"]
[Time "20:34:42"]
[TimeControl "180+0"]

1. e4 e6 2. d4 d5 3. Nc3 Bb4 4. e5 c5 5. a3 Bxc3+ 6. bxc3 Ne7 7. Qg4 Kf8 8.
Bg5 Nbc6 9. Bxe7+ Nxe7 10. Nf3 h5 11. Qg5 Qa5 12. Qe3 Nf5 13. Qd2 cxd4 14.
cxd4 Qxd2+ 15. Kxd2 Ke7 16. Bd3 Nh6 17. h3 Bd7 18. Rhb1 Bc6 19. Bb5 Rhb8 20.
Kc1 a6 21. Bxc6 bxc6 22. Rxb8 Rxb8 23. Rb1 Rxb1+ 24. Kxb1 f6 25. Kb2 Nf5 26.
c3 g5 27. exf6+ Kxf6 28. Ne5 c5 29. Nd7+ Kg6 30. Nxc5 Kf6 31. Nxa6 e5 32.
dxe5+ Kxe5 33. Nb4 d4 34. cxd4+ Kxd4 35. Kb3 g4 36. hxg4 hxg4 37. Nc2+ Kc5
38. Ne3 Nxe3 39. fxe3 Kd5 40. Kc3 Ke4 41. a4 Kxe3 42. a5 Kf2 43. a6 Kxg2 44.
a7 Kh2 45. a8=Q g3 46. Qh8+ Kg1 47. Qg8 g2 {White forfeits on time} 0-1

[Event "ICCopen2016"]
[Site "Internet Chess Club"]
[Date "2016.06.03"]
[Round "9"]
[White "marabu"]
[Black "orangeC"]
[Result "1-0"]
[ICCResult "Black resigns"]
[WhiteElo "2086"]
[BlackElo "1625"]
[Opening "Nimzovich-Larsen attack"]
[ECO "A01"]
[NIC "VO.08"]
[Time "20:34:54"]
[TimeControl "180+0"]

1. b3 g6 2. Bb2 Nf6 3. Bxf6 exf6 4. c4 Bg7 5. Nc3 f5 6. Rc1 O-O 7. g3 d6 8.
Bg2 Nd7 9. e3 Nf6 10. d3 Re8 11. Nge2 c6 12. O-O Qa5 13. Qc2 g5 14. Rb1 Qd8
15. b4 Bd7 16. a4 Qe7 17. b5 Ng4 18. bxc6 bxc6 19. Rb7 f4 20. gxf4 Nxe3 21.
fxe3 Qxe3+ 22. Kh1 gxf4 23. Rxd7 Rab8 24. Nxf4 Qe1 25. Ne4 Rxe4 26. dxe4 Qe3
27. Nh5 Be5 28. Qf2 Rf8 29. Qxe3 {Black resigns} 1-0

[Event "ICCopen2016"]
[Site "Internet Chess Club"]
[Date "2016.06.03"]
[Round "9"]
[White "DaveyJones"]
[Black "alan2015"]
[Result "0-1"]
[ICCResult "White resigns"]
[WhiteElo "1463"]
[BlackElo "1301"]
[Opening "QGD: Tarrasch defense"]
[ECO "D32"]
[NIC "TD.11"]
[Time "20:34:21"]
[TimeControl "180+0"]

1. c4 c5 2. Nc3 e6 3. Nf3 d5 4. cxd5 exd5 5. d4 c4 6. g3 Nf6 7. Bg2 Nc6 8.
O-O a6 9. a4 Bb4 10. Bd2 Bxc3 11. Bxc3 O-O 12. b3 Ne4 13. Be1 cxb3 14. Qxb3
Rb8 15. Nd2 Nxd2 16. Bxd2 Be6 17. e3 b5 18. axb5 axb5 19. Rfc1 Qd6 20. Ra6
Rfc8 21. e4 dxe4 22. Qb2 Qxd4 23. Bc3 Qd5 24. Bxg7 Nb4 25. Bh6 Rxc1+ 26. Bf1
Rxf1+ 27. Kxf1 Qd1+ 28. Kg2 Qf3+ 29. Kf1 Bh3+ 30. Ke1 Nd3+ {White resigns}
0-1

[Event "ICCopen2016"]
[Site "Internet Chess Club"]
[Date "2016.06.03"]
[Round "9"]
[White "DDT3000"]
[Black "GodspeedR8"]
[Result "0-1"]
[ICCResult "White checkmated"]
[WhiteElo "1903"]
[BlackElo "1886"]
[Opening "Sicilian: Alapin's variation (2.c3)"]
[ECO "B22"]
[NIC "SI.46"]
[Time "20:34:48"]
[TimeControl "180+0"]

1. e4 c5 2. c3 d5 3. exd5 Qxd5 4. d4 Nf6 5. Nf3 e6 6. Na3 Nc6 7. Be3 cxd4 8.
Nb5 Qd8 9. Qxd4 Nxd4 10. Nfxd4 Bd6 11. O-O-O O-O 12. Nf3 Ne8 13. Bc5 Qa5 14.
Bxd6 Nxd6 15. Nxd6 Qxa2 16. Bd3 Bd7 17. Bb1 Qa6 18. Bd3 Qb6 19. Rhf1 Ba4 20.
Rd2 Rad8 21. Nc4 Qc7 22. Nce5 f6 23. Ng4 Rxd3 24. Rxd3 Bb5 25. Rfd1 Bxd3 26.
Rxd3 Qc4 27. Rd4 Qf1+ 28. Rd1 Qxg2 29. Rg1 Qxf3 30. Kb1 Rd8 31. Nh6+ Kf8 32.
Ng4 Rd1+ 33. Rxd1 Qxd1+ 34. Ka2 Qa4+ 35. Kb1 Qxg4 36. Kc2 Qe2+ 37. Kb3 Qxf2
38. Ka2 Qxh2 39. c4 Qd2 40. c5 h5 41. Ka1 h4 42. b4 h3 43. b5 h2 44. c6
h1=Q# {White checkmated} 0-1

[Event "ICCopen2016"]
[Site "Internet Chess Club"]
[Date "2016.06.03"]
[Round "9"]
[White "franco"]
[Black "manta2"]
[Result "1-0"]
[ICCResult "Black forfeits on time"]
[WhiteElo "1167"]
[BlackElo "1112"]
[Opening "Dutch"]
[ECO "A80"]
[NIC "HD.12"]
[Time "20:34:53"]
[TimeControl "180+0"]

1. d4 f5 2. e3 c6 3. Bd3 g6 4. e4 fxe4 5. Bxe4 Nf6 6. Bd3 Bg7 7. f4 O-O 8.
Nf3 d5 9. Ne5 Ne4 10. O-O Nd7 11. Nd2 Ndf6 12. Nxe4 dxe4 13. Bc4+ e6 14. c3
Nd5 15. Bxd5 exd5 16. Be3 h5 17. Qe1 Bf5 18. h3 Rc8 19. Qe2 Qh4 20. Qf2
Qxf2+ 21. Rxf2 Bxe5 22. fxe5 c5 23. Kh2 cxd4 24. Bxd4 b6 25. Raf1 Rc6 26. g4
hxg4 27. hxg4 Rc7 28. gxf5 Rh7+ 29. Kg2 gxf5 30. Rxf5 Rc8 31. Rg5+ Kh8 32.
Kf2 {Black forfeits on time} 1-0

[Event "ICCopen2016"]
[Site "Internet Chess Club"]
[Date "2016.06.03"]
[Round "9"]
[White "claris"]
[Black "Shadowbane"]
[Result "1-0"]
[ICCResult "Black checkmated"]
[WhiteElo "1489"]
[BlackElo "1660"]
[Opening "Modern defense"]
[ECO "A40"]
[NIC "QO.17"]
[Time "20:34:55"]
[TimeControl "180+0"]

1. d4 g6 2. c4 Bg7 3. Nf3 h6 4. g3 d6 5. Bg2 c5 6. e3 cxd4 7. exd4 Nf6 8.
O-O O-O 9. Nc3 Nc6 10. Re1 Re8 11. d5 Nb8 12. Qb3 Nfd7 13. Be3 b6 14. Rac1
Nc5 15. Qc2 f5 16. Bd4 e5 17. dxe6 Nxe6 18. Bxg7 Nxg7 19. Nh4 Kh7 20. Bxa8
g5 21. Ng2 Ba6 22. b3 Nd7 23. Bd5 Nf6 24. Rxe8 Qxe8 25. Re1 Qd7 26. Qe2 Nxd5
27. Nxd5 Kg6 28. Qe7 Qxe7 29. Nxe7+ Kf7 30. Nd5 b5 31. Nc7 bxc4 32. Nxa6
cxb3 33. axb3 Ne6 34. Rxe6 Kxe6 35. Kf1 Kd5 36. Ke2 Kd4 37. Kd2 d5 38. Ne3
f4 39. gxf4 gxf4 40. Nf5+ Ke5 41. Nxh6 Ke4 42. Ke2 f3+ 43. Kd2 Kf4 44. Nb4
Ke4 45. Nf7 Kd4 46. Ng5 Kc5 47. Nc2 a5 48. Nxf3 Kd6 49. Kd3 Ke6 50. Kd4 Kf5
51. Ne3+ Kf4 52. Nd2 a4 53. bxa4 Kg5 54. Nxd5 Kg4 55. f3+ Kh3 56. a5 Kg2 57.
a6 Kf2 58. a7 Kg2 59. a8=Q Kf2 60. f4 Kg2 61. f5 Kh3 62. f6 Kg4 63. f7 Kh3
64. f8=Q Kg2 65. Nc3+ Kxh2 66. Nf3+ Kg3 67. Qg8+ Kf4 68. Qg5# {Black
checkmated} 1-0

[Event "ICCopen2016"]
[Site "Internet Chess Club"]
[Date "2016.06.03"]
[Round "9"]
[White "DukeBishop"]
[Black "lion100"]
[Result "1-0"]
[ICCResult "Black resigns"]
[WhiteElo "1600"]
[BlackElo "1379"]
[Opening "Caro-Kann: Panov-Botvinnik attack, 5...e6"]
[ECO "B14"]
[NIC "CK.03"]
[Time "20:35:02"]
[TimeControl "180+0"]

1. e4 c6 2. d4 d5 3. exd5 cxd5 4. c4 Nf6 5. Nc3 e6 6. Nf3 Bd6 7. a3 h6 8.
Qb3 dxc4 9. Bxc4 O-O 10. O-O Nc6 11. Bd3 Rb8 12. Be3 a6 13. Rad1 b5 14. Bb1
Bb7 15. Qc2 Ne7 16. g4 Ng6 17. Ne5 Kh7 18. Nxg6 fxg6 19. Qxg6+ Kh8 20. g5
Bxh2+ 21. Kxh2 Ng4+ 22. Kg1 Rf5 23. Bxf5 exf5 24. gxh6 Nxh6 25. Bxh6 gxh6
26. Qxh6+ Kg8 27. Rd3 Qe7 28. Rg3+ {Black resigns} 1-0

[Event "ICCopen2016"]
[Site "Internet Chess Club"]
[Date "2016.06.03"]
[Round "9"]
[White "talbagels2"]
[Black "livis"]
[Result "1-0"]
[ICCResult "Black resigns"]
[WhiteElo "1703"]
[BlackElo "1975"]
[Opening "Philidor's defense"]
[ECO "C41"]
[NIC "KP.10"]
[Time "20:34:59"]
[TimeControl "180+0"]

1. e4 e5 2. Nf3 d6 3. Bc4 Be7 4. d4 exd4 5. Nxd4 Nf6 6. Nc3 O-O 7. O-O Nc6
8. h3 Nxd4 9. Qxd4 Be6 10. Nd5 Nxd5 11. Bxd5 Bxd5 12. Qxd5 c6 13. Qd3 Qc7
14. Bf4 Rad8 15. Rad1 Qb6 16. b3 d5 17. exd5 Rxd5 18. Qg3 Qd8 19. Rxd5 Qxd5
20. Re1 Bf6 21. Qe3 h6 22. Qxa7 b5 23. Qe3 Bd4 24. Qe4 Qc5 25. Be3 Bxe3 26.
Rxe3 f5 27. Qe6+ Kh7 28. Qe7 Qxe7 29. Rxe7 Rf6 30. a4 bxa4 31. bxa4 Kg8 32.
a5 c5 33. Ra7 Kf8 34. a6 g5 35. Ra8+ Ke7 36. a7 Ra6 37. Rh8 {Black resigns}
1-0

[Event "ICCopen2016"]
[Site "Internet Chess Club"]
[Date "2016.06.03"]
[Round "9"]
[White "Shafkat"]
[Black "boydjj"]
[Result "1-0"]
[ICCResult "Black checkmated"]
[WhiteElo "1678"]
[BlackElo "1480"]
[Opening "French defense"]
[ECO "C01"]
[NIC "FR.01"]
[Time "20:34:36"]
[TimeControl "180+0"]

1. e4 e6 2. d4 b6 3. Nc3 Bb7 4. Nf3 Qe7 5. Bd3 Nc6 6. Be3 O-O-O 7. Qe2 d5 8.
e5 f6 9. exf6 gxf6 10. a4 e5 11. dxe5 fxe5 12. Bg5 Qb4 13. Bxd8 Qxb2 14. O-O
Qxc3 15. Bg5 Bd6 16. Bf5+ Kb8 17. a5 e4 18. Nh4 Qg7 19. f4 h6 20. Qh5 Nf6
21. Bxf6 Qxf6 22. Qg6 Qxh4 23. a6 Bc8 24. Qg7 Rf8 25. Bxc8 Rxc8 26. Qd7 Ne7
27. Rad1 Bc5+ 28. Kh1 c6 29. Qb7# {Black checkmated} 1-0

[Event "ICCopen2016"]
[Site "Internet Chess Club"]
[Date "2016.06.03"]
[Round "9"]
[White "Ronibell"]
[Black "Arostos"]
[Result "0-1"]
[ICCResult "White resigns"]
[WhiteElo "2129"]
[BlackElo "1962"]
[Opening "Ruy Lopez: Cozio defense"]
[ECO "C60"]
[NIC "RL.04"]
[Time "20:34:37"]
[TimeControl "180+0"]

1. e4 e5 2. Nf3 Nc6 3. Bb5 Nge7 4. O-O a6 5. Ba4 g6 6. c3 Bg7 7. d4 exd4 8.
cxd4 O-O 9. Nc3 d5 10. e5 Bg4 11. Be3 Nf5 12. Bxc6 bxc6 13. Na4 f6 14. Nc5
Qe7 15. exf6 Bxf6 16. h3 Bxf3 17. gxf3 Nxe3 18. fxe3 Qxe3+ 19. Kh1 Bxd4 20.
Nd3 Rf5 21. Rf2 Raf8 22. Rc1 Rxf3 23. Rxf3 Rxf3 24. Rc2 Qxd3 25. Qxd3 Rxd3
26. Rxc6 Bb6 27. Re6 Rd2 28. Re7 Rxb2 29. a4 Ra2 30. Rd7 d4 31. h4 Rxa4 32.
h5 {White resigns} 0-1

[Event "ICCopen2016"]
[Site "Internet Chess Club"]
[Date "2016.06.03"]
[Round "9"]
[White "Mercury"]
[Black "SMACK"]
[Result "1-0"]
[ICCResult "Black resigns"]
[WhiteElo "2352"]
[BlackElo "2233"]
[Opening "King's Indian: Petrosian system, Stein variation"]
[ECO "E92"]
[NIC "KI.17"]
[Time "20:34:22"]
[TimeControl "180+0"]

1. Nf3 Nf6 2. c4 g6 3. Nc3 Bg7 4. e4 d6 5. d4 O-O 6. Be2 e5 7. d5 a5 8. Bg5
Nbd7 9. Nd2 h6 10. Be3 Ne8 11. g4 Nc5 12. h4 f5 13. h5 f4 14. Bxc5 dxc5 15.
hxg6 Qf6 16. f3 Qxg6 17. Bd3 Bf6 18. Qe2 Bd7 19. O-O-O Nd6 20. Rh5 Bg5 21.
Bc2 Kg7 22. Ba4 Bxa4 23. Nxa4 Qe8 24. Nc3 b6 25. a4 Rf6 26. Nb5 Rf7 27. Nb1
Nxb5 28. cxb5 Rd7 29. Na3 Qg6 30. Nc4 Re8 31. d6 cxd6 32. Nxb6 Rf7 33. Nc4
Rd8 34. Rd5 Rfd7 35. Rh1 Be7 36. Rhd1 Qe6 37. Qd2 Kg6 38. Nxe5+ dxe5 39.
Rxd7 Rxd7 40. Qxd7 Qf7 41. Qf5+ Qxf5 42. exf5+ Kf6 43. b6 c4 44. b7 Bb4 45.
b8=Q Kg5 46. Qd8+ {Black resigns} 1-0

[Event "ICCopen2016"]
[Site "Internet Chess Club"]
[Date "2016.06.03"]
[Round "9"]
[White "pagoda"]
[Black "JJ12"]
[Result "0-1"]
[ICCResult "White resigns"]
[WhiteElo "1905"]
[BlackElo "2248"]
[Opening "Vienna gambit"]
[ECO "C29"]
[NIC "VO.15"]
[Time "20:35:19"]
[TimeControl "180+0"]

1. Nc3 Nf6 2. e4 e5 3. f4 exf4 4. e5 Ng8 5. Nf3 d6 6. d4 dxe5 7. dxe5 Qxd1+
8. Nxd1 Nc6 9. Bxf4 Bg4 10. Bb5 Ne7 11. Ne3 Bxf3 12. gxf3 O-O-O 13. c3 Ng6
14. Bxc6 Nxf4 15. Be4 Bc5 16. Nf5 g6 17. Nh6 Rhf8 18. Rd1 Ng2+ 19. Ke2 Nf4+
20. Ke1 Rde8 21. Ng4 h5 22. Nf2 Rxe5 23. Kf1 f5 24. Bc2 Re2 {White resigns}
0-1